 Dungeon Crawl Stone Soup version 0.30-a0-170-g85af917532 (webtiles) character file.

Game seed: 4621699722219555727

81924 LnG the Unseen (level 16, -2/94 HPs)
             Began as a Kobold Summoner on Sept 30, 2022.
             Was the Champion of Dithmenos.
             Slain by a sixfirhy (9 damage)
             ... summoned by an orc sorcerer
             ... while paralysed by an orc sorcerer
             ... on level 2 of the Orcish Mines.
             The game lasted 01:28:50 (35343 turns).

LnG the Unseen (Kobold Summoner)                   Turns: 35343, Time: 01:28:51

Health: -2/94      AC: 17    Str:  4    XL:     16   Next: 19%
Magic:  13/32      EV:  3    Int: 23    God:    Dithmenos [******]
Gold:   1927       SH:  0    Dex: 20    Spells: 23/40 levels left

rFire   + . .      SeeInvis .    w - +10 dagger "Keazaomi" {freeze, rCorr Str-2 Dex+4 Stlth+}
rCold   + . .      Faith    .    (no shield)
rNeg    . . .      Spirit   .    J - +2 robe {rC+ rF+}
rPois   .          Reflect  .    N - +1 helmet
rElec   .          Harm     .    G - +1 cloak
rCorr   +          Rampage  .    Q - +2 pair of gloves
Will    +....                    s - +1 pair of boots Stlth ********++
                                 P - amulet of regeneration
HPRegen 1.05/turn                e - +4 ring of evasion
MPRegen 0.23/turn                R - +4 ring of protection

@: paralysed, spiked, wreathed by umbra
A: small, no large weapons, nightstalker 3
a: Renounce Religion, Shadow Step, Shadow Form


You were on level 2 of the Orcish Mines.
You worshipped Dithmenos.
Dithmenos was exalted by your worship.
You visited 4 branches of the dungeon, and saw 23 of its levels.
You also visited: Ossuary.

You collected 2137 gold pieces.
You spent 210 gold pieces at shops.

Inventory:

Hand Weapons
 q - a +3 dagger of pain
 w - the +10 dagger "Keazaomi" (weapon) {freeze, rCorr Str-2 Dex+4 Stlth+}
   (You acquired it on level 12 of the Dungeon)

   It freezes those it strikes, dealing additional cold damage.
   It can also slow down cold-blooded creatures.
   Str:       It affects your strength (-2).
   Dex:       It affects your dexterity (+4).
   rCorr:     It protects you from acid and corrosion.
   Stlth:     It makes you more stealthy.
 E - a +9 dagger of draining
Armour
 s - a +1 pair of boots (worn)
 G - a +1 cloak (worn)
 J - a +2 robe of resistance (worn)
 N - a +1 helmet (worn)
 Q - a +2 pair of gloves (worn)
Jewellery
 e - a +4 ring of evasion (left hand)
 K - a ring of resist corrosion
 M - a ring of flight
 O - a ring of poison resistance
 P - an amulet of regeneration (around neck)
 R - a +4 ring of protection (right hand)
 S - a ring of protection from fire
 T - an amulet of magic regeneration
 U - an amulet of reflection
Wands
 c - a wand of paralysis (19)
 l - a wand of iceblast (30)
 m - a wand of digging (5)
 y - a wand of flame (98)
 C - a wand of acid (5)
Scrolls
 a - a scroll of identify
 d - 4 scrolls of fog
 f - a scroll of magic mapping
 g - 5 scrolls of immolation
 h - 7 scrolls of teleportation
 i - 2 scrolls of torment
 k - 5 scrolls of poison
 r - 4 scrolls of vulnerability
 u - a scroll of fear
 x - 2 scrolls of summoning
 H - 3 scrolls of amnesia
Potions
 b - 3 potions of magic
 j - 4 potions of might
 n - 10 potions of haste
 o - 4 potions of lignification
 p - 3 potions of flight {unknown}
 t - 5 potions of berserk rage {unknown}
 v - 2 potions of cancellation {unknown}
 z - 2 potions of resistance {unknown}
 A - 5 potions of brilliance {unknown}
 B - 4 potions of invisibility {unknown}
 D - 3 potions of curing
 F - 4 potions of attraction {unknown}
 L - 3 potions of degeneration {unknown}


   Skills:
 + Level 8.5 Fighting
 + Level 11.3 Short Blades
 + Level 11.2 Dodging
 + Level 19.0 Stealth
 + Level 12.5 Spellcasting
 + Level 1.1 Hexes
 + Level 11.8 Summonings
 + Level 5.0 Ice Magic
 + Level 4.3 Air Magic
 * Level 8.2 Invocations


You had 23 spell levels left.
You knew the following spells:

 Your Spells              Type           Power      Damage    Failure   Level
a - Summon Small Mammal   Summ           100%       N/A       1%          1
b - Call Imp              Summ           62%        N/A       1%          2
c - Call Canine Familiar  Summ           62%        N/A       1%          3
d - Summon Guardian Gole  Hex/Summ       44%        N/A       1%          3
e - Summon Lightning Spi  Summ/Air       51%        N/A       1%          4
f - Summon Ice Beast      Ice/Summ       52%        N/A       1%          4

Your spell library contained the following spells:

 Spells                   Type           Power      Damage    Failure   Level
 Freeze                   Ice            100%       1d11      1%          1
 Ensorcelled Hibernation  Hex/Ice        56%        N/A       1%          2
 Frozen Ramparts          Ice            74%        1d12      1%          3
 Poisonous Vapours        Pois/Air       48%        N/A       2%          2
 Swiftness                Air            34%        N/A       2%          3
 Cigotuvi's Dreadful Rot  Necr/Pois/Air  42%        N/A       3%          2
 Animate Armour           Summ/Erth      82%        N/A       3%          4
 Beastly Appendage        Tmut           28%        N/A       4%          1
 Necrotise                Necr           56%        1d6       4%          1
 Hailstorm                Conj/Ice       26%        3d7       4%          3
 Passwall                 Tmut/Erth      11%        N/A       7%          2
 Wereblood                Tmut           14%        N/A       7%          2
 Kindle Blastsparks       Fire/Tloc/Air  42%        2d13      7%          3
 Tukima's Dance           Hex            19%        N/A       9%          3
 Portal Projectile        Hex/Tloc       32%        N/A       11%         3
 Gell's Gravitas          Tloc           14%        N/A       13%         3
 Spider Form              Tmut/Pois      14%        N/A       13%         3
 Stone Arrow              Conj/Erth      28%        3d8       13%         3
 Teleport Other           Tloc           14%        N/A       13%         3
 Vampiric Draining        Necr           14%        2d7       13%         3
 Ice Form                 Ice/Tmut       26%        N/A       16%         4
 Fulminant Prism          Conj/Hex       8%         3d7       34%         4
 Dispel Undead            Necr           14%        3d10      41%         4
 Iskenderun's Mystic Bla  Conj/Tloc      14%        2d5       41%         4
 Agony                    Necr           14%        N/A       77%         5
 Alistair's Intoxication  Tmut/Pois      9%         N/A       77%         5
 Blade Hands              Tmut           7%         N/A       77%         5
 Borgnjor's Vile Clutch   Necr/Erth      7%         N/A       77%         5
 Lee's Rapid Deconstruct  Erth           7%         3d7*      77%         5
 Death Channel            Necr           7%         N/A       100%        6
 Dispersal                Tloc           7%         N/A       100%        6
 Eringya's Noxious Bog    Tmut/Pois      7%         N/A       100%        6
 Lehudib's Crystal Spear  Conj/Erth      7%         10d3      100%        8


Dungeon Overview and Level Annotations

Branches:
Dungeon (15/15)            Temple (1/1) D:4            Lair (5/5) D:9
 Shoals (0/4) Lair:2       Spider (0/4) Lair:3        Slime (0/5) Lair:4
    Orc (2/2) D:9             Elf (0/3) Orc:2        Vaults (0/5) D:13
 Depths (0/4) D:15        Ossuary (visited)

Altars:
Ashenzari
Cheibriados
Dithmenos
Elyvilon
Fedhas
Gozag
Hepliaklqana
Kikubaaqudgha
Makhleb
Nemelex Xobeh
Okawaru
Qazlal
Ru
Sif Muna
Trog
Uskayaw
Vehumet
Wu Jian
Xom
Yredelemnul
Zin
The Shining One
Jiyva

Shops:
D:2 *   D:3 [   D:8 [   Orc:2 (

Portals:
Trove: D:10 (give 12 potions of heal wounds)

Annotations:
D:5 1 runed translucent door, Crazy Yiuf
D:8 3 runed translucent doors
Lair:4 2 transporters


Innate Abilities, Weirdness & Mutations

You are small and have problems with some larger weapons.
You are completely attuned to the shadows.


Message History

The sixfirhy misses you.
The sixfirhy hits you but does no damage.
The red devil barely misses you.
The orc sorcerer gestures at you while chanting.
You suddenly lose the ability to move!
The orc sorcerer hits your ice beast with a +0 dagger.
Your ice beast dies!
Your ice beast disappears in a puff of smoke!
The chaos spawn gores you but does no damage.
The sixfirhy completely misses you.
Your white imp gestures at the sixfirhy.
The puff of frost misses the sixfirhy.
The ogre hits you with a +0 giant club!
The orc sorcerer shouts, "You can't withstand my power!"
The orc sorcerer mumbles some strange words.
The red devil hits you from afar with a +0 demon trident!
You emit a cloud of dark smoke.
Barbed spikes become lodged in your body.
The chaos spawn barely misses you.
Your white imp gestures at the sixfirhy.
The puff of frost hits the sixfirhy!
The orc sorcerer hits you but does no damage.
The red devil hits you from afar with a +0 demon trident!
You emit a cloud of dark smoke.
Barbed spikes become lodged in your body.
The hellwing hits your white imp. x2; The ogre barely misses you.
The chaos spawn hits you but does no damage.
The sixfirhy hits you but does no damage.
Your white imp misses the sixfirhy.
The hellwing completely misses your white imp.
The hellwing barely misses your white imp.
The sixfirhy hits you. The sixfirhy shocks you!
* * * LOW HITPOINT WARNING * * *
The red devil hits you from afar with a +0 demon trident!
* * * LOW HITPOINT WARNING * * *
Barbed spikes become lodged in your body.
The orc sorcerer hits you with a +0 dagger.
* * * LOW HITPOINT WARNING * * *
The chaos spawn hits you but does no damage.
The sixfirhy hits you!
You die...

......
.....##
....4.#
.#.4o5#
...o3@#
...§4O#
..§§§##
....)##
..h...#
.....##
...^..##
........#
.........#


You could see a hellwing (summoned), a sixfirhy (summoned, ally target), a chaos
spawn (summoned), 2 orc sorcerers, a red devil (summoned), an ogre and a
friendly white imp (summoned).

Vanquished Creatures
  Rupert (Orc:2)
  Louise (D:14)
  A spark wasp (shapeshifter) (D:15)
  A great orb of eyes (D:15)
  3 hydras
  2 rakshasas
  A catoblepas (Lair:5)
  An ogre mage (D:15)
  3 boulder beetles
  5 centaur warriors
  10 two-headed ogres
  2 dancing weapons (D:13)
  A tengu warrior (D:14)
  2 skeletal warriors
  An orb spider (Lair:3)
  A spriggan simulacrum (D:14)
  An orc knight (Orc:1)
  Pikel (D:3)
  A wolf spider (D:15)
  16 ugly things
  4 orc sorcerers (Orc:2)
  3 manticores
  4 cyclopes
  4 elephants
  Joseph (D:7)
  3 black mambas
  A merfolk siren (Lair:2)
  A black mamba (shapeshifter) (D:15)
  2 torpor snails
  An unseen horror (D:11)
  6 cane toads
  5 komodo dragons
  Maggie (Lair:1)
  An efreet (D:14)
  2 rime drakes
  A tengu conjurer (D:14)
  3 yaktaurs (D:15)
  6 polar bears
  3 trolls
  5 hornets (Lair:5)
  A blink frog (shapeshifter) (D:13)
  Prince Ribbit (D:5)
  9 blink frogs
  8 slime creatures
  A dream sheep (Lair:5)
  A shadow (D:9)
  11 spriggans (Lair:5)
  4 wyverns
  2 vampires (D:12)
  2 wraiths
  A basilisk (D:13)
  40 yaks
  3 steam dragons
  A basilisk (shapeshifter) (D:13)
  2 minotaur simulacra (D:14)
  5 vampire mosquitoes
  8 water moccasins
  3 wargs
  A floating eye (shapeshifter) (D:15)
  2 black bears
  14 orc warriors
  2 sky beasts
  6 ogres
  24 wolves
  2 boggarts (Lair:5)
  11 centaurs
  A phantom (D:5)
  A kobold brigand (D:7)
  3 lemures
  8 bullfrogs
  A necrophage (D:6)
  2 scorpions
  2 water moccasin zombies (Ossuary)
  2 deep troll simulacra (D:14)
  9 killer bees
  2 electric eels (D:7)
  5 hounds
  6 orc priests
  2 jellies (D:4)
  Jessica (D:2)
  23 orc wizards
  2 hell rats (D:9)
  A mummy (Ossuary)
  A gnoll (D:7)
  5 adders
  A shadow imp (D:5)
  3 adder zombies (Ossuary)
  A worm (D:5)
  A dart slug (D:1)
  38 orcs
  8 ball pythons
  8 endoplasms
  3 giant cockroaches
  3 goblins
  8 hobgoblins
  A jackal (D:1)
  16 kobolds
  5 quokkas
  A bat (D:3)
  3 frilled lizards
  2 gnoll zombies (Ossuary)
  2 hobgoblin zombies (Ossuary)
  A kobold zombie (Ossuary)
  7 orc zombies (Ossuary)
  6 rats
472 creatures vanquished.

Vanquished Creatures (collateral kills)
  An orc warlord (Orc:1)
  An ogre mage (D:15)
  3 two-headed ogres
  2 skeletal warriors (D:14)
  An orc sorcerer (Orc:2)
  4 ugly things
  An oklob plant (Lair:5)
  A troll (D:11)
  A hornet (Lair:5)
  3 polar bears (Lair:5)
  A dream sheep (Lair:5)
  2 spriggans (Lair:5)
  A wraith (D:13)
  14 yaks
  3 vampire mosquitoes (D:11)
  An acid dragon (D:12)
  A nameless horror (D:10)
  7 orc warriors
  A black bear (Lair:5)
  An alligator simulacrum (D:14)
  A boggart (Lair:5)
  3 wolves
  A lemure (D:4)
  A phantom (D:5)
  3 kobold brigands
  A scorpion (D:5)
  2 deep troll simulacra (D:14)
  2 water moccasin zombies (Ossuary)
  A killer bee (D:9)
  A howler monkey (D:9)
  2 jellies (D:6)
  A hound (D:5)
  A gnoll bouda (D:7)
  An orc priest (D:9)
  Natasha (twice) (D:2)
  An iguana (D:4)
  12 orc wizards
  3 hell rats (D:9)
  A mummy (Ossuary)
  6 gnolls
  2 adders
  A white imp (D:8)
  An adder zombie (Ossuary)
  A worm (D:2)
  16 orcs
  An endoplasm (D:4)
  A giant cockroach (D:1)
  A gnoll zombie (Ossuary)
  A goblin (D:1)
  A hobgoblin (D:1)
  A jackal (D:1)
  6 kobolds
  An orc zombie (Ossuary)
  2 rats (D:1)
132 creatures vanquished.

Vanquished Creatures (others)
  A kobold (D:7)
  34 fungi
  23 plants
58 creatures vanquished.

Grand Total: 662 creatures vanquished

Notes
Turn   | Place    | Note
-------+----------+-------------------------------------------
     0 | D:1      | LnG the Kobold Summoner began the quest for the Orb.
     0 | D:1      | Reached XP level 1. HP: 10/10 MP: 3/3
   339 | D:1      | Reached XP level 2. HP: 15/15 MP: 1/5
   342 | D:1      | Learned a level 2 spell: Call Imp
   897 | D:1      | Reached XP level 3. HP: 19/19 MP: 6/6
   901 | D:1      | Learned a level 3 spell: Call Canine Familiar
   968 | D:1      | Reached skill level 3 in Stealth
  1129 | D:1      | Found a faded altar of an unknown god.
  1988 | D:2      | Noticed Jessica
  1989 | D:2      | Found Jetwosso's General Store.
  1991 | D:2      | Killed Jessica
  1992 | D:2      | Reached skill level 1 in Short Blades
  1992 | D:2      | Reached skill level 4 in Stealth
  1992 | D:2      | Reached XP level 4. HP: 24/24 MP: 7/7
  2072 | D:2      | Noticed Natasha
  2081 | D:2      | Killed Natasha
  2082 | D:2      | Reached XP level 5. HP: 23/28 MP: 2/9
  2288 | D:2      | Noticed Natasha
  2296 | D:2      | Killed Natasha
  2622 | D:2      | Reached skill level 5 in Stealth
  2947 | D:3      | Found Rol Dyff's Armour Boutique.
  3470 | D:3      | Reached XP level 6. HP: 14/33 MP: 6/10
  4048 | D:4      | Noticed Pikel
  4770 | D:4      | Found a staircase to the Ecumenical Temple.
  4971 | Temple   | Entered the Ecumenical Temple
  5019 | Temple   | Became a worshipper of Dithmenos the Shadowed
  5112 | D:4      | Reached skill level 6 in Stealth
  5888 | D:4      | Reached skill level 1 in Fighting
  5888 | D:4      | Reached skill level 5 in Summonings
  5888 | D:4      | Reached XP level 7. HP: 17/38 MP: 3/12
  6482 | D:5      | Entered Level 5 of the Dungeon
  6803 | D:5      | Found a burning altar of Makhleb.
  6910 | D:5      | Found a bloodstained altar of Trog.
  7600 | D:5      | Reached skill level 7 in Stealth
  7753 | D:5      | Noticed Prince Ribbit
  7769 | D:5      | Killed Prince Ribbit
  7770 | D:5      | Reached XP level 8. HP: 9/44 MP: 4/14
  8047 | D:5      | Reached * piety under Dithmenos
  8448 | D:5      | Found a runed translucent door.
  8672 | D:5      | Noticed Crazy Yiuf
  8750 | D:6      | Found a basalt altar of Yredelemnul.
  8761 | D:6      | Found a sand-covered staircase.
  8774 | Ossuary  | Entered an ossuary
  9054 | Ossuary  | Reached skill level 8 in Stealth
  9069 | Ossuary  | Reached skill level 5 in Short Blades
  9558 | D:6      | Found an opulent altar of Gozag.
  9635 | D:6      | HP: 2/45 [orc warrior/+0 glaive (14)]
  9753 | D:6      | Reached XP level 9. HP: 7/49 MP: 12/16
 10022 | D:6      | Found a shimmering blue altar of Sif Muna.
 10286 | D:5      | Learned a level 3 spell: Summon Guardian Golem
 10291 | D:5      | Learned a level 4 spell: Summon Lightning Spire
 10481 | D:6      | Reached skill level 5 in Spellcasting
 11199 | D:6      | Reached skill level 9 in Stealth
 11234 | D:6      | Reached skill level 5 in Dodging
 11409 | D:7      | Learned a level 4 spell: Summon Ice Beast
 11462 | D:7      | Reached ** piety under Dithmenos
 11468 | D:7      | Found a stormy altar of Qazlal.
 11537 | D:7      | Noticed Joseph
 11545 | D:7      | Killed Joseph
 11643 | D:7      | Reached XP level 10. HP: 39/56 MP: 19/19
 11904 | D:7      | Reached skill level 1 in Hexes
 12103 | D:7      | Reached skill level 10 in Stealth
 13303 | D:8      | Found an iron altar of Okawaru.
 13373 | D:8      | Reached skill level 11 in Stealth
 13507 | D:8      | Found a broken altar of Ashenzari.
 13614 | D:8      | Found Gociss's Antique Armour Emporium.
 13619 | D:8      | Bought a runed cloak for 210 gold pieces
 13705 | D:8      | Found a runed translucent gate.
 13707 | D:8      | Found a runed translucent gate.
 13707 | D:8      | Found an opulent altar of Gozag.
 13740 | D:8      | Found a runed translucent gate.
 13768 | D:8      | Reached *** piety under Dithmenos
 13939 | D:8      | Noticed a harpy
 14407 | D:9      | Found a shimmering altar of Xom.
 14644 | D:9      | Found a hide-covered altar of Uskayaw.
 14668 | D:9      | Reached skill level 12 in Stealth
 14670 | D:9      | Reached XP level 11. HP: 42/61 MP: 10/22
 14696 | D:9      | Found a sparkling altar of Nemelex Xobeh.
 14941 | D:9      | HP: 3/61 [poisoned by a killer bee]
 14966 | D:9      | Found a staircase to the Orcish Mines.
 15288 | D:9      | Found an ornate altar of the Wu Jian Council.
 15309 | D:9      | Reached skill level 1 in Ice Magic
 15312 | D:9      | Found a staircase to the Lair.
 16316 | D:9      | Found a white marble altar of Elyvilon.
 16415 | D:10     | Entered Level 10 of the Dungeon
 16514 | D:10     | Identified the +5 chain mail "Zefejoh" {rN+ Str-4 Dex+3
                  | SInv}
 16617 | D:10     | Found a portal to a secret trove of treasure.
 17190 | D:10     | Found a snail-covered altar of Cheibriados.
 17343 | D:10     | Found a hazy altar of Hepliaklqana.
 17869 | D:10     | Reached **** piety under Dithmenos
 17945 | D:11     | Reached skill level 1 in Air Magic
 18530 | D:11     | Noticed a two-headed ogre
 18536 | D:11     | Killed a two-headed ogre
 18591 | D:11     | Reached XP level 12. HP: 34/68 MP: 18/24
 18924 | D:11     | Noticed a two-headed ogre
 18927 | D:11     | Killed a two-headed ogre
 19073 | D:11     | Reached skill level 5 in Fighting
 19083 | D:11     | Reached skill level 13 in Stealth
 19480 | D:12     | Identified a scroll of acquirement
 19481 | D:12     | Acquired the +10 dagger "Keazaomi" {freeze, rCorr Str-2
                  | Dex+4 Stlth+}
 19850 | D:3      | Killed Pikel
 20946 | D:13     | Noticed a +6 long sword
 20947 | D:13     | Found a gate to the Vaults.
 20948 | D:13     | Noticed a +7 long sword
 21327 | D:13     | Noticed a two-headed ogre
 21331 | D:13     | Killed a two-headed ogre
 21423 | D:13     | Noticed a two-headed ogre
 21500 | D:13     | Killed a +7 long sword
 21544 | D:13     | Noticed a centaur warrior
 21553 | D:13     | Reached skill level 14 in Stealth
 21555 | D:13     | Killed a centaur warrior
 21556 | D:13     | Reached skill level 10 in Short Blades
 21894 | D:13     | HP: 2/69 [+6 long sword (21)]
 21896 | D:13     | Killed a +6 long sword
 22250 | D:13     | Killed a two-headed ogre
 22409 | D:13     | Reached skill level 10 in Spellcasting
 22409 | D:13     | Reached XP level 13. HP: 64/74 MP: 18/27
 22643 | D:14     | Noticed Louise
 22647 | D:14     | Killed Louise
 22648 | D:14     | Reached skill level 15 in Stealth
 22714 | D:13     | Reached skill level 10 in Summonings
 22885 | D:14     | Noticed a centaur warrior
 22919 | D:14     | Killed a centaur warrior
 22919 | D:14     | Reached ***** piety under Dithmenos
 23703 | D:14     | Noticed a centaur warrior
 23709 | D:14     | Killed a centaur warrior
 24654 | D:14     | Reached skill level 16 in Stealth
 24881 | D:14     | Noticed a rakshasa
 24885 | D:14     | Killed a rakshasa
 25072 | D:15     | Entered Level 15 of the Dungeon
 25587 | D:15     | Reached XP level 14. HP: 82/82 MP: 29/29
 26641 | D:15     | Reached skill level 1 in Invocations
 27680 | D:15     | Noticed a quicksilver ooze
 27733 | D:15     | Noticed a spark wasp
 27754 | D:15     | Killed a spark wasp
 27755 | D:15     | Reached skill level 10 in Dodging
 27808 | D:15     | Identified the +1 ring mail "Uthash" {+Inv rC+}
 28066 | D:15     | Reached skill level 17 in Stealth
 28082 | D:15     | Found a staircase to the Depths.
 28773 | Lair:1   | Entered Level 1 of the Lair of Beasts
 29212 | Lair:1   | Reached XP level 15. HP: 85/87 MP: 30/30
 29493 | Lair:1   | Noticed Maggie
 29499 | Lair:1   | Killed Maggie
 30195 | Lair:2   | Found a staircase to the Shoals.
 30254 | Lair:2   | Reached skill level 5 in Invocations
 31048 | Lair:2   | Reached skill level 18 in Stealth
 31048 | Lair:2   | Reached ****** piety under Dithmenos
 31903 | Lair:3   | Found a hole to the Spider Nest.
 32403 | Lair:4   | Found a staircase to the Slime Pits.
 32404 | Lair:4   | Found a viscous altar of Jiyva.
 32760 | Lair:4   | Found a transporter.
 32761 | Lair:4   | Found a transporter.
 32928 | Lair:5   | Entered Level 5 of the Lair of Beasts
 33737 | Lair:5   | Paralysed by a hornet for 1 turns
 34406 | Orc:1    | Entered Level 1 of the Orcish Mines
 34669 | Orc:2    | Entered Level 2 of the Orcish Mines
 34751 | Orc:1    | Reached skill level 19 in Stealth
 34751 | Orc:1    | Reached XP level 16. HP: 59/94 MP: 9/32
 34942 | Orc:2    | Found Jaoxzite's Antique Weapon Shoppe.
 35023 | Orc:2    | Paralysed by an orc sorcerer for 3 turns
 35030 | Orc:2    | Reached skill level 5 in Ice Magic
 35273 | Orc:2    | Found a staircase to the Elven Halls.
 35302 | Orc:2    | Noticed Rupert
 35332 | Orc:2    | Killed Rupert
 35339 | Orc:2    | Paralysed by an orc sorcerer for 4 turns
 35343 | Orc:2    | Slain by a sixfirhy

Illustrated notes

Levels and vault maps discovered:
D:1:      dpeg_arrival_oval, layout_basic,
          shapermc_ecumenical_altar_totnotflames
D:2:      layout_loops_corners, serial_shops, nicolae_shop_advertising_works
          [nicolae_subvault_shop_adworks], minmay_unequal, uniq_natasha,
          uniq_jessica
D:3:      layout_rooms, serial_shops, nicolae_shop_statue_plus
D:4:      layout_loops_corners, minmay_temple_entry_glass, uniq_pikel
D:5:      layout_basic, mainiacjoe_overflow_small_starburst,
          amcnicky_altar_gilded, minmay_fountain_box, uniq_crazy_yiuf_cottage,
          uniq_prince_ribbit1
D:6:      layout_basic, mainiacjoe_overflow_paths, yredelemnul_altar_generic,
          nicolae_sif_muna_condensation, enter_ossuary_1
D:7:      layout_basic, grunt_qazlal_clouds, skrybe_limestone_x,
          eino_tiny_chamber, kennysheep_flooded_box, kennysheep_potato,
          uniq_joseph
D:8:      layout_basic, mainiacjoe_overflow_six_doors_small, kennysheep_mini,
          ebering_ghost_gozag, serial_shops, shop
D:9:      layout_gridville, general_overflow_altar,
          nicolae_wu_jian_wuxing_cycle, nicolae_elyvilon_temple_path,
          jmf_multi_god_temple, lair_entry_dummy, orc_0_dummy
D:10:     layout_long_grid, nicolae_hepliaklqana_hippocampus, marbit_many_paths,
          nicolae_trove_entry_crossroad
D:11:     layout_roguey, kennysheep_generic_room_9
D:12:     layout_loops_ring
D:13:     layout_cave_pods, erik_vaults_1, chequers_serial_rivers_marsh,
          st_stairs_6
D:14:     layout_rooms, portal_ice_cave_entry_ice_simulacra,
          roderic_roman_lattice, minivault_1, chequers_serial_rivers_micro_d,
          uniq_louise
D:15:     gammafunk_enter_depths_forms, layout_gridville,
          minmay_misc_feat_enclosed, kb_rosetta
Temple:   hellmonk_temple_two_chambers
Lair:1:   layout_roguey, grunt_megastairs_1, uniq_maggie
Lair:2:   layout_hall_layers, minmay_shoals_entry_lonely_mermaid, serial_rivers,
          chequers_serial_rivers_micro_d, chequers_serial_rivers_micro_e,
          chequers_serial_rivers_marsh, chequers_serial_rivers_small_3,
          chequers_serial_rivers_micro_a, chequers_serial_rivers_micro_a,
          nicolae_lair_grove_arrangements, st_stairs_4
Lair:3:   layout_hall_layers, nicolae_spider_entry_orb_guardian
Lair:4:   gammafunk_boulding_lane, layout_hall_layers, slime_entry_1
Lair:5:   minmay_lair_end_enchanted_forest, layout_regular_city
Orc:1:    layout_diamond_mine, serial_shops, basic_altar
Orc:2:    grunt_orc_gardens, layout_caves, grunt_orc_garden, grunt_orc_garden,
          grunt_orc_garden, grunt_orc_garden, basic_altar, uniq_rupert

Skill      XL: |  1  2  3  4  5  6  7  8  9 10 11 12 13 14 15 16 |
---------------+-------------------------------------------------+-----
Stealth        | 4 5 6 7 8 9 12 14 16 17 19 | 19.0
Short Blades   | 1 2 4 5 6 8 9 10 11 | 11.3
Dodging        | 3 4 5 6 7 8 9 10 11 | 11.2
Spellcasting   | 3 4 6 7 8 10 11 12 | 12.5
Fighting       | 1 2 3 4 6 7 8 |  8.5
Summonings     | 5 6 7 9 10 11 | 11.8
Hexes          | 1 |  1.1
Ice Magic      | 1 2 3 4 5 |  5.0
Air Magic      | 1 2 3 4 |  4.3
Invocations    | 4 7 8 |  8.2

Action                   |  1- 3 |  4- 6 |  7- 9 | 10-12 | 13-15 | 16-18 || total
-------------------------+-------+-------+-------+-------+-------+-------++-------
Melee: Unarmed           |    13 |       |       |       |       |       ||    13
       Dagger            |    50 |   141 |   300 |   469 |   870 |   140 ||  1970
       Short sword       |     1 |       |       |       |       |       ||     1
       Punch             |     1 |       |     9 |     5 |    14 |     2 ||    31
 Cast: Summon Small Mamm |    10 |       |     2 |       |       |       ||    12
       Call Imp          |     5 |     5 |     9 |     6 |     2 |     2 ||    29
       Call Canine Famil |       |    15 |    28 |    33 |    33 |     8 ||   117
       Summon Guardian G |       |       |     1 |       |     1 |     1 ||     3
       Summon Ice Beast  |       |       |       |    19 |    34 |     5 ||    58
       Summon Lightning  |       |       |       |     6 |    24 |    11 ||    41
  Use: Scroll            |     4 |     7 |     6 |    17 |     9 |       ||    43
       Potion            |       |     1 |     6 |     4 |       |     3 ||    14
 Stab: Distracted        |     2 |     1 |     5 |     9 |    21 |     3 ||    41
       Sleeping          |    13 |    21 |    31 |    55 |    80 |     2 ||   202
Armor: Robe              |     7 |     6 |    17 |    37 |   104 |    26 ||   197
Dodge: Dodged            |    43 |    92 |   200 |   397 |   824 |   179 ||  1735

Table legend: (Time is in decaauts)
 A = Elapsed time spent in this place.
 B = Non-inter-level travel time spent in this place.
 C = Inter-level travel time spent in this place.
 D = Time resting spent in this place.
 E = Time spent auto-exploring this place.
 F = Levels seen in this place.
 G = Mean time per level.
                   A        B        C        D        E       F      G
               +--------+--------+--------+--------+--------+-----+--------+
         Total |  34642 |  32386 |   2256 |  10622 |  15717 |  24 | 1443.4 |
       Dungeon |  27959 |  26014 |   1945 |   9614 |  11730 |  15 | 1863.9 |
        Temple |     70 |     35 |     35 |      0 |     21 |   1 |   70.0 |
          Lair |   5080 |   4829 |    251 |    273 |   3750 |   5 | 1016.0 |
  Orcish Mines |    835 |    811 |     24 |    242 |    215 |   2 |  417.5 |
       Ossuary |    695 |    695 |      0 |    493 |      0 |   1 |  695.0 |
               +--------+--------+--------+--------+--------+-----+--------+

Top non-repeatable levels by time:
    D:14: 3131 daAuts
     D:5: 2468 daAuts
    D:13: 2444 daAuts
     D:9: 2364 daAuts
    D:15: 2312 daAuts
     D:4: 2165 daAuts
     D:2: 1931 daAuts
     D:6: 1844 daAuts
     D:7: 1622 daAuts
    D:10: 1430 daAuts
     D:8: 1416 daAuts
    D:11: 1404 daAuts
     D:1: 1334 daAuts
  Lair:5: 1278 daAuts
     D:3: 1195 daAuts
